 Dungeon Crawl Stone Soup version 0.29-a0-323-g050149af67 (webtiles) character file.

Game seed: 3381811952195572562

72 spaghetti the Caller (level 4, -2/27 HPs)
             Began as a Demonspawn Summoner on Apr 11, 2022.
             Was a Follower of Hepliaklqana.
             Slain by Sigmund
             ... wielding a +0 scythe
              (12 damage)
             ... on level 2 of the Dungeon.
             The game lasted 00:04:39 (1938 turns).

spaghetti the Caller (Demonspawn Summoner)          Turns: 1938, Time: 00:04:40

Health: -2/27      AC:  2    Str:  8    XL:     4   Next: 7%
Magic:  0/7        EV: 13    Int: 18    God:    Hepliaklqana [*.....]
Gold:   54         SH:  0    Dex: 14    Spells: 4/7 levels left

rFire   + . .      SeeInvis .     - Unarmed
rCold   + . .      Faith    .   (no shield)
rNeg    . . .      Spirit   .   a - +0 robe
rPois   +          Reflect  .   (no helmet)
rElec   +          Harm     .   (no cloak)
rCorr   +          Rampage  .   (no gloves)
Will    .....                   (no boots)
Stlth   ++........              (no amulet)
HPRegen 0.09/turn               (no ring)
MPRegen 0.10/turn               (no ring)

@: resistant, hasted, very quick
A: reduced essence, claws 1
a: Renounce Religion, Recall Ancestor, Ancestor Identity


You were on level 2 of the Dungeon.
You worshipped Hepliaklqana.
Hepliaklqana was aware of your devotion.
You visited 1 branch of the dungeon, and saw 2 of its levels.

You collected 54 gold pieces.


Innate Abilities, Weirdness & Mutations

Your life essence is reduced to manifest your ancestor. (-10% HP)
You have sharp fingernails.


   Skills:
 + Level 3.3 Dodging
 - Level 1.7 Stealth
 + Level 1.8 Unarmed Combat
 - Level 2.0 Spellcasting
 - Level 4.0 Summonings


You had 4 spell levels left.
You knew the following spells:

 Your Spells              Type           Power      Damage    Failure   Level
a - Summon Small Mammal   Summ           64%        N/A       3%          1
b - Call Imp              Summ           16%        N/A       5%          2

Your spell library contained the following spells:

 Spells                   Type           Power      Damage    Failure   Level
 Call Canine Familiar     Summ           16%        N/A       11%         3
 Magic Dart               Conj           4%         1d3       19%         1
 Summon Guardian Golem    Hex/Summ       9%         N/A       24%         3
 Searing Ray              Conj           2%         2d4       26%         2
 Tukima's Dance           Hex            1%         N/A       47%         3
 Summon Lightning Spire   Summ/Air       9%         N/A       61%         4
 Anguish                  Hex/Necr       0%         N/A       87%         4
 Fulminant Prism          Conj/Hex       0%         3d6       87%         4
 Enfeeble                 Hex            0%         N/A       100%        7

Inventory:

Hand Weapons
 d - a +0 dagger {short}
   (You took it off a goblin on level 1 of the Dungeon)
 e - a +0 club {mace}
   (You took it off a goblin on level 1 of the Dungeon)
 i - a +0 short sword {short}
   (You took it off a kobold on level 1 of the Dungeon)
 j - a +0 dagger {short}
   (You found it on level 1 of the Dungeon)
 k - a +0 dagger {short}
   (You took it off a goblin on level 1 of the Dungeon)
 l - a +0 dagger {short}
   (You took it off a goblin on level 1 of the Dungeon)
 m - a +0 club {mace}
   (You took it off a kobold on level 1 of the Dungeon)
 n - a +0 dagger {short}
   (You took it off a kobold on level 1 of the Dungeon)
 q - a +0 dagger {short}
   (You took it off a goblin on level 2 of the Dungeon)
 u - a +0 club {mace}
   (You took it off a gnoll on level 2 of the Dungeon)
 v - a +0 halberd {polearm}
   (You took it off a gnoll on level 2 of the Dungeon)
 w - a +0 club {mace}
   (You took it off a gnoll on level 2 of the Dungeon)
 y - a +1 dagger of protection {short}
   (You found it on level 2 of the Dungeon)
Missiles
 c - 95 stones {throwing}
Armour
 a - a +0 robe (worn)
Wands
 x - a wand of flame (6)
   (You found it on level 2 of the Dungeon)
Scrolls
 f - a scroll of fear {unknown}
 g - a scroll of fog {unknown}
 p - a scroll of enchant armour {unknown}
 s - 2 scrolls of silence {unknown}
Potions
 b - a potion of magic
 o - a potion of curing {@q1}
 r - a potion of lignification {!q}

Dungeon Overview and Level Annotations

Branches:
Dungeon (2/15)

Altars:
Hepliaklqana

Annotations:
D:2 Sigmund, Terence

#.............#
##.............##
#รท#............#
##..............####
#...##.##.......#...
#.#..#.###........#
..##...........#.#
.#.....##.....b.R#
...##..#.......5@#
####...#......br@#
####.#.#.#.....#.#
#....#...##..@##.#
#.....รท######.##.#
#.####.# #..##.# ..#
#.# #.#...# ..# #.#
#.#.### #.# #..
#l#.#


You could see the friendly Clawbud the ancestor, Sigmund (ally target), Terence,
a bat (ally target), a friendly white imp (summoned), a friendly bat (summoned)
and a friendly rat (summoned).


Message History

๐Ÿ˜ฎ HP[-8]
You take 8 damage, and now have 22/40 hp.
Unknown command.
It was a potion of haste.
You feel yourself speed up.
Your crimson imp misses something.
Something hits you but does no damage.
It was a potion of resistance.
You feel protected.
Your bat disappears in a puff of smoke!
Your crimson imp closely misses something. ๐Ÿ˜ฎ HP[+1]
You feel much better. Something hits you but does no damage.
Your crimson imp barely misses something. ๐Ÿ˜Ž HP[+17]
Your hp is fully restored (40). ๐Ÿ˜Ž MP[+1]
Your rat disappears in a puff of smoke!
Something hits you. ๐Ÿ˜• HP[-2]
You take 2 damage, and now have 38/40 hp.
Casting: Summon Small Mammal (safe; 3% risk of failure)
Confirm with . or Enter, or press ? or * to list all spells.
๐Ÿ˜• MP[-1]
You lost 1 mp, and now have 2/7 mp.
Casting: Summon Small Mammal (safe; 3% risk of failure)
Confirm with . or Enter, or press ? or * to list all spells.
๐Ÿ˜• MP[-1]
You lost 1 mp, and now have 1/7 mp.
Casting: Summon Small Mammal (safe; 3% risk of failure)
Confirm with . or Enter, or press ? or * to list all spells.
You don't have enough magic to cast this spell.
Your bat hits something but does no damage.
Something hits you. ๐Ÿ˜• HP[-6]
You take 6 damage, and now have 32/40 hp.
Your bat hits something. Something hits you but does no damage.
Your transformation is almost over.
Your bat closely misses something.
Something hits you. ๐Ÿ˜• HP[-1]
You take 1 damage, and now have 31/40 hp.
Your bat hits something but does no damage. ๐Ÿ˜• HP[+1] Unknown command.
Your crimson imp disappears in a puff of smoke!
Your bat closely misses something.
Something hits you but does no damage.
Your bat hits something but does no damage.
Your bat misses something. Something hits you. ๐Ÿ˜ฎ HP[-2]
You take 2 damage, and now have 30/40 hp.
Unknown command.
Unknown command.
Your bat barely misses something.
Something hits you but does no damage. ๐Ÿ˜ฎ MP[+1]
Casting: Summon Small Mammal (safe; 3% risk of failure)
Confirm with . or Enter, or press ? or * to list all spells.
A beastly little devil appears in a puff of frigid air.
Your white imp says, "Let's cause havoc!"
Sigmund appears from thin air!
Reactivating autopickup.
Your bat barely misses Sigmund. ๐Ÿ˜ฎ MP[-2]
You lost 2 mp, and now have 0/7 mp.
Unknown command.
You cannot move.
You cannot move.
Clawbud emerges from the mists of memory!
Sigmund hits you but does no damage.
Terence the Incautious comes into view.
He is wielding a +0 flail.
Unknown command.
What are your orders? t - Creak!
Orders for allies: a - Attack new target. r - Retreat! s - Stop attacking. g - Guard the area. f - Follow me.
Anything else - Cancel.
Gang up on whom?
Press: ? - help, Dir - move target, f - Sigmund
Aim: Sigmund, wielding a +0 scythe and wearing a +0 robe (moderately wounded, ally target) Attack!
Your bat misses Sigmund.
Clawbud barely misses Sigmund.
Sigmund gestures at you while chanting.
The magic dart hits Clawbud.
You feel less wooden.
Your +0 robe unmelds from your body.
Clawbud hits Sigmund.
Your rat bites Sigmund. ๐Ÿ˜ฎ HP[-10]
You now have 27 max hp (-13).
You swap places.
The bat hits your white imp but does no damage.
Your white imp closely misses the bat.
Sigmund hits you with a +0 scythe!
* * * LOW HITPOINT WARNING * * *
๐Ÿ˜จ HP[-11]
You take 11 damage, and now have 9/27 hp.
MASSIVE DAMAGE!! (PAUSE)
You barely miss Sigmund. The bat closely misses your white imp.
Your rat barely misses Sigmund. ๐Ÿ˜จ HP[+1]
You scratch Sigmund.
Your white imp hits the bat but does no damage.
Sigmund hits you with a +0 scythe!
You die...

Skill      XL: |  1  2 |
---------------+-------+-----
Dodging        | 2 3 |  3.3
Unarmed Combat | 1 |  1.8
Stealth        | |  1.7
Spellcasting   | |  2.0
Summonings     | |  4.0

Action                   |  1- 3 |  4- 6 || total
-------------------------+-------+-------++-------
Melee: Club              |    17 |       ||    17
       Unarmed           |    83 |     2 ||    85
 Cast: Summon Small Mamm |    16 |     6 ||    22
       Call Imp          |     1 |     3 ||     4
Invok: Ancestor Identity |     1 |       ||     1
  Use: Potion            |     1 |     6 ||     7
 Stab: Sleeping          |     3 |       ||     3
Armor: Robe              |    22 |       ||    22
       Skin              |       |     8 ||     8
Dodge: Dodged            |    75 |     1 ||    76

Levels and vault maps discovered:
D:1:      dpeg_arrival_leaves_temple_mockup, layout_rooms,
          hellmonk_ecumenical_altar_inner_sanctum, hangedman_decor_riveting
D:2:      layout_rooms, uniq_sigmund, uniq_terence

Notes
Turn   | Place    | Note
-------+----------+-------------------------------------------
     0 | D:1      | spaghetti the Demonspawn Summoner began the quest for the
                  | Orb.
     0 | D:1      | Reached XP level 1. HP: 13/13 MP: 3/3
     0 | D:1      | magus.rc [v1.9.6]
   140 | D:1      | Reached skill level 2 in Dodging
   272 | D:1      | Gained mutation: You have sharp fingernails. [demonic
                  | ancestry]
   272 | D:1      | Reached XP level 2. HP: 8/19 MP: 0/5
  1203 | D:1      | Found a faded altar of an unknown god.
  1296 | D:1      | Prayed at the altar of an unknown god.
  1296 | D:1      | Became a worshipper of Hepliaklqana the Forgotten
  1296 | D:1      | Reached * piety under Hepliaklqana
  1369 | D:1      | You pick up a book of Maledictions and begin reading...
  1369 | D:1      | You add the spells Tukima's Dance, Anguish and Enfeeble to
                  | your library.
  1388 | D:1      | You pick up a book of Conjurations {@e2} and begin
                  | reading...
  1388 | D:1      | You add the spells Magic Dart, Searing Ray and Fulminant
                  | Prism to your library.
  1428 | D:2      | Reached skill level 3 in Dodging
  1428 | D:2      | Reached skill level 1 in Unarmed Combat
  1428 | D:2      | Reached XP level 3. HP: 17/21 MP: 6/6
  1609 | D:2      | Learned a level 2 spell: Call Imp
  1672 | D:2      | Reached XP level 4. HP: 14/27 MP: 1/7
  1874 | D:2      | Noticed Sigmund
  1932 | D:2      | Noticed Terence
  1938 | D:2      | Slain by Sigmund

Vanquished Creatures
  A gnoll (D:2)
  An adder (D:2)
  An endoplasm (D:1)
  4 goblins
  3 hobgoblins
  2 bats (D:1)
  4 frilled lizards (D:1)
  2 kobolds (D:1)
  A rat (D:2)
19 creatures vanquished.

Vanquished Creatures (collateral kills)
  2 gnolls (D:2)
  2 dart slugs
  A ball python (D:2)
  A giant cockroach (D:1)
  A goblin (D:1)
  A quokka (D:1)
  3 frilled lizards
  A kobold (D:1)
12 creatures vanquished.

Vanquished Creatures (others)
  2 ancestors (D:2)
2 creatures vanquished.

Grand Total: 33 creatures vanquished

Table legend:
 A = Non-vault XP
 B = Vault XP
 C = Vault XP percentage of total XP
 D = Non-vault monster count
 E = Vault monster count
 F = Vault count percentage of total count
                 A         B        C        D         E       F
            +---------+---------+-------+---------+---------+-------
      Total |     104 |       0 |   0.0 |      31 |       0 |   0.0
            +---------+---------+-------+---------+---------+-------
        D:1 |      34 |       0 |   0.0 |      21 |       0 |   0.0
        D:2 |      70 |       0 |   0.0 |      10 |       0 |   0.0
            +---------+---------+-------+---------+---------+-------

Illustrated notes

Table legend:
 A = Kills in this place as a percentage of kills in entire the game.
 B = Kills by you in this place as a percentage of kills by you in the entire game.
 C = Kills by friends in this place as a percentage of kills by friends in the entire game.
 D = Other kills in this place as a percentage of other kills in the entire game.
 E = Experience gained in this place as a percentage of experience gained in the entire game.
 F = Experience gained in this place divided by the number of levels of this place that you have seen.
                   A       B       C       D       E      F
               +-------+-------+-------+-------+-------+----------------------
         Total | 100.0 | 100.0 | 100.0 |   N/A | 100.0 |  52.0
       Dungeon | 100.0 | 100.0 | 100.0 |   N/A | 100.0 |  52.0
               +-------+-------+-------+-------+-------+----------------------

Table legend: (Time is in decaauts)
 A = Elapsed time spent in this place.
 B = Non-inter-level travel time spent in this place.
 C = Inter-level travel time spent in this place.
 D = Time resting spent in this place.
 E = Time spent auto-exploring this place.
 F = Levels seen in this place.
 G = Mean time per level.
                   A        B        C        D        E       F      G
               +--------+--------+--------+--------+--------+-----+--------+
         Total |   1933 |   1878 |     55 |    783 |    760 |   2 |  966.5 |
       Dungeon |   1933 |   1878 |     55 |    783 |    760 |   2 |  966.5 |
               +--------+--------+--------+--------+--------+-----+--------+

Top non-repeatable levels by time:
     D:1: 1559 daAuts
     D:2: 374 daAuts
